Map: Kairos Junction LE

Players

iZerg - Winner!

  • Race: Protoss Protoss
  • League: Diamond
  • Spawn Location: 11:00

Smeeeger

  • Race: Zerg Zerg
  • League: Platinum
  • Spawn Location: 5:00

VOD

Have the link to the VOD?

Description

Time

  • Played on: July 14, 2019, 7:22 p.m.
  • Length: 5:26
Show
View Real Time Build Order
Export as new Build Order

iZerg Protoss - Winner!

Build Orders:  

Get SALT Encoding   

  12  0:04  Probe  
  13  0:16  Probe  
  14  0:23  Pylon  
  14  0:30  Probe  
  15  0:38  Probe  
  15  0:41  Gateway  
  16  0:47  Probe  
  16  0:52  Pylon  
  17  0:59  Probe  
  17  1:01  Assimilator  
  18  1:08  Probe, Assimilator  
  18  1:16  Probe  
  20  1:28  Cybernetics Core  
  20  1:34  Probe  
  21  1:43  Gateway  
  21  1:47  Gateway  
  21  1:49  Probe  
  22  1:58  Warp Gate  
  22  2:00  Gateway  
  22  2:02  Probe  
  23  2:15  Stalker  
  25  2:32  Stalker  
  27  2:44  Stalker  
  29  2:53  Stalker  
  29  2:55  Robotics Facility  
  29  2:57  Pylon  
  31  3:15  Stalker x2  
  31  3:18  Pylon  
  35  3:26  Stalker  
  37  3:37  Observer  
  38  3:55  Zealot, Immortal  
  40  4:02  Stalker  
  46  4:14  Pylon  
  46  4:16  Pylon  
  46  4:35  Stalker x2  
  46  4:36  Zealot  
  50  4:59  Stalker  
  46  5:00  Stalker  
  46  5:01  Zealot  
Show
View Real Time Build Order
Export as new Build Order

Smeeeger Zerg 

Build Orders: Hatch First 

Get SALT Encoding   

  12  0:03  Drone  
  13  0:16  Overlord  
  13  0:18  Drone  
  14  0:34  Drone x2  
  16  0:38  Drone  
  17  0:50  Drone  
  18  0:59  Hatchery  
  18  1:03  Drone  
  18  1:04  Extractor  
  17  1:12  Drone  
  18  1:19  Spawning Pool  
  18  1:22  Drone  
  18  1:33  Drone  
  19  1:45  Overlord  
  19  2:05  Queen  
  19  2:07  Zergling x4  
  23  2:11  Queen  
  23  2:12  Zergling x2  
  26  2:15  Drone  
  26  2:22  Metabolic Boost  
  27  2:27  Drone x2  
  29  2:34  Drone  
  30  2:38  Overlord  
  30  2:46  Drone, Queen  
  33  2:56  Drone x2  
  35  2:58  Overlord  
  35  3:08  Drone  
  35  3:09  Drone  
  37  3:16  Drone x3  
  37  3:17  Drone  
  41  3:30  Zergling x4  
  43  3:34  Drone  
  44  3:52  Hatchery  
  43  3:56  Drone, Evolution Chamber x2  
  43  3:57  Drone x3, Baneling Nest  
  43  3:59  Overlord  
  43  4:00  Drone  
  43  4:01  Drone  
  46  4:04  Drone  
  46  4:05  Zergling x4  
  49  4:13  Drone x2  
  49  4:17  Extractor  
  50  4:18  Extractor  
  50  4:20  Spore Crawler  
  50  4:21  Spore Crawler  
  47  4:32  Zergling x12  
  53  4:40  Zergling x6  
  53  4:44  Zergling x2  
  46  5:01  Zergling x4  
  46  5:02  Baneling x3  
  46  5:05  Zergling x2  
  46  5:06  Zergling x2  
Tags
 
Add a new tag
Caveats
  • Supply blocks, unpowered buildings, or Contaminate may cause inaccurate times.
  • Supply counts are checked every 10 seconds.